[Event "Early-Titled-Tuesday-Blitz-July-09-2024"]
[Site "Chess.com"]
[Date "2024.07.09"]
[Round "6"]
[White "SujanaLohani"]
[Black "MaxLeto"]
[Result "1/2-1/2"]
[WhiteElo "2369"]
[BlackElo "2499"]
[TimeControl "180+1"]
[EndTime "9:09:54 PDT"]
[Termination "Game drawn - insufficient material"]

1. e4 c5 2. Nf3 d6 3. d4 cxd4 4.
Nxd4 Nf6 5. Nc3 a6 6. h3 e6 7. g4 Nfd7 8. Bg2 Qc7 9. O-O b5 10. e5 d5 11. f4 g6 12. Be3 Nb6 13. b3 Qxc3 14. Bf2 Qc7 15. f5 Nc6 16. fxe6 fxe6 17.
c4 bxc4 18. bxc4 Nxc4 19. Rc1 N6xe5 20. Re1 Bg7 21. Qa4+ Bd7 22. Nxe6 Qd6 23. Nxg7+ Kf7 24. Qd1 Kxg7 25. Bxd5 Rac8 26. Bd4 Kh6 27. Bxc4 Qxd4+ 28. Qxd4 Nf3+ 29. Kf2 Nxd4 30. Red1 Bb5 31. Rxd4 Rc5 32.
Ke3 Rhc8 33. Kd3 Rxc4 34. Rcxc4 Kg5 35. Rd5+ Kh4 36. Rxb5 Rd8+ 37. Rd4 Rxd4+ 38. Kxd4 axb5 39. Kc5 Kxh3 40. Kxb5 Kxg4 41. a4 h5 42. a5 h4 43.
a6 Kh3 44. a7 g5 45. a8=Q g4 46. Qh1+ Kg3 47. Kc4 h3 48. Kd3 Kf2 49. Qh2+ Kf3 50. Qe2+ Kg3 51. Ke3 h2 52. Qf1 h1=Q 53. Qf4+ Kh3 54.
Qh6+ Kg2 55. Qxh1+ Kxh1 56. Kf4 g3 57. Kxg3 1/2-1/2

[Event "Early-Titled-Tuesday-Blitz-July-09-2024"]
[Site "Chess.com"]
[Date "2024.07.09"]
[Round "6"]
[White "Aygehovit1992"]
[Black "Baronessa08"]
[Result "1-0"]
[WhiteElo "2770"]
[BlackElo "2596"]
[TimeControl "180+1"]
[EndTime "9:09:55 PDT"]
[Termination "Aygehovit1992 won on time"]

1. e4 e5 2. Bc4 Nc6 3. Nc3 Nf6 4. d3 Na5 5. Nge2 Nxc4 6. dxc4 Bc5 7. h3 h6 8. Qd3 d6 9. O-O Be6 10. b3 O-O 11. a4 Nh5 12. Be3 a6 13. Rad1 Qh4 14. Bxc5 dxc5 15. Qe3 b6 16. Nd5 Bxd5 17. Rxd5 Rfe8 18.
Rfd1 Nf6 19. R5d3 Qxe4 20. Qxe4 Nxe4 21. Rd7 Rac8 22. a5 Nf6 23. R7d2 Kf8 24. axb6 cxb6 25. Rd6 Re6 26. Rxe6 fxe6 27. Rd6 b5 28. Rxa6 bxc4 29. bxc4 Ke7 30. Ra7+ Nd7 31. Nc3 Kd8 32. Ne4 Rb8 33. Nd6 Rb1+ 34. Kh2 Rd1 35. Ra8+ Ke7 36. Nc8+ Kf6 37.
Ra7 e4 38. Kg3 Ne5 39. Nb6 Rd4 40. Rc7 Nxc4 41. Nd7+ Kg6 42. Nxc5 Nd2 43. Nxe6 Nf1+ 44. Kf4 Rd2 45. Kxe4 Rxf2 46. c4 Kf6 47. Nf4 g5 48. Rc6+ Kg7 49. Nh5+ Kh7 50. g4 Nd2+ 51. Ke3 Rh2 52. c5 Nc4+ 53. Kd4 Na3 54. Rc7+ Kg8 55. Ke5 Nb5 56. Rb7 Nc3 57. c6 Re2+ 58. Kd4 1-0

[Event "Early-Titled-Tuesday-Blitz-July-09-2024"]
[Site "Chess.com"]
[Date "2024.07.09"]
[Round "6"]
[White "slidingknight2775"]
[Black "Bilan_Danila"]
[Result "1-0"]
[WhiteElo "2765"]
[BlackElo "2592"]
[TimeControl "180+1"]
[EndTime "9:09:57 PDT"]
[Termination "slidingknight2775 won by resignation"]

1. c4 c6 2. Nf3 d5 3. g3 Nf6 4. Bg2 Bf5 5. Qb3 Qb6 6. O-O Qxb3 7. axb3 e6 8. d3 Nbd7 9. cxd5 exd5 10. Bd2 Bc5 11. b4 Bb6 12. Bc3 O-O 13. Nbd2 Rfe8 14. Rfe1 Ng4 15. Bd4 h6 16. e4 dxe4 17. dxe4 Be6 18.
h3 Nge5 19. Bxe5 Nxe5 20. Nxe5 Bxh3 21. Bxh3 Rxe5 22. Nc4 Rb5 23. Nxb6 Rxb6 24. Ra4 Rd8 25. Rxa7 Rxb4 26. Re2 g5 27. Bf5 Rd1+ 28. Kg2 Rb1 29. e5 R1xb2 30. Rxb2 Rxb2 31. e6 fxe6 32. Bxe6+ Kh8 33.
Bc8 b6 34. Rc7 c5 35. Kf3 Rb4 36. Be6 Rd4 37. Ke3 Rb4 38. f4 gxf4+ 39. gxf4 h5 40.
f5 Rb1 41. Ke2 Rb2+ 42. Kd1 Rb1+ 43. Kd2 Rf1 44. Ke2 Rf4 45. Ke3 Rf1 46. Rf7 h4 47.
Ke2 Rf4 48. Rf6 Kg7 49. Rg6+ Kh7 50. Bg8+ Kh8 51. Be6 Kh7 52. Rg1 c4 53. Ke3 Rxf5 54. Bxf5+ Kh6 55. Be6 Kh5 56. Bxc4 b5 57. Be2+ Kh6 58.
Rh1 h3 59. Rxh3+ Kg5 60. Rf3 b4 61. Bb5 b3 62. Bd3 b2 63. Bb1 1-0

[Event "Early-Titled-Tuesday-Blitz-July-09-2024"]
[Site "Chess.com"]
[Date "2024.07.09"]
[Round "6"]
[White "ThanhNghia"]
[Black "Paladin61"]
[Result "0-1"]
[WhiteElo "2499"]
[BlackElo "2741"]
[TimeControl "180+1"]
[EndTime "9:09:58 PDT"]
[Termination "Paladin61 won on time"]

1. e4 e5 2. Nf3 Nf6 3. Nc3 Nc6 4. d4 Bb4 5. dxe5 Nxe4 6. Qd3 d5 7. exd6 O-O 8. Be2 Bf5 9. Qc4 Nxd6 10. Qf4 Bxc2 11. O-O Re8 12. Be3 Bxc3 13. bxc3 Re4 14. Qg5 Qxg5 15. Nxg5 Ra4 16. Rfc1 Bg6 17. Bd1 Ra5 18.
Bb3 Re8 19. Nf3 Bd3 20. c4 Nf5 21. Bd2 Ra6 22. Re1 Kf8 23. Rxe8+ Kxe8 24. Re1+ Kf8 25. g4 Nd6 26. Ne5 Nxe5 27. Rxe5 Bxc4 28. Bxc4 Nxc4 29. Bb4+ Nd6 30. Rc5 Rc6 31. Ra5 a6 32. Kg2 Ke7 33. Re5+ Kd7 34. h3 Rc2 35. a3 b6 36. Kg3 a5 37.
Be1 Nc4 38. Rd5+ Ke6 39. Rd3 Nd6 40. f3 Ra2 41. Bd2 f6 42. Bf4 a4 43. Rc3 Nb5 44. Rc6+ Kd7 45. Rc4 Rxa3 46. h4 Ra2 47. h5 h6 48. Rb4 c6 49. Be3 Kc7 50. Re4 a3 51. Re7+ Kd6 52. Rxg7 Re2 53. Bxb6 a2 54. Rg6 a1=Q 0-1

[Event "Early-Titled-Tuesday-Blitz-July-09-2024"]
[Site "Chess.com"]
[Date "2024.07.09"]
[Round "6"]
[White "Msb2"]
[Black "Arysya"]
[Result "1-0"]
[WhiteElo "3107"]
[BlackElo "2895"]
[TimeControl "180+1"]
[EndTime "9:10:01 PDT"]
[Termination "Msb2 won by checkmate"]

1. d4 Nf6 2. c4 d6 3. Nf3 g6 4. Nc3 Bf5 5. d5 Bg7 6. Nd4 Bd7 7. e4 e5 8. Nb3 a5 9. Be2 Na6 10. Be3 a4 11. Nd2 Nc5 12. b4 axb3 13. axb3 Na6 14.
O-O O-O 15. Qb1 Ng4 16. Bxg4 Bxg4 17. b4 b6 18. Ra4 Bd7 19. Nb5 f5 20. f3 Qe8 21. Qd3 Bxb5 22. cxb5 Nc5 23. Rxa8 Nxd3 24. Rxe8 Rxe8 25. Ra1 f4 26. Bf2 Nxb4 27. Ra7 Rc8 28. Kf1 h5 29. Ke2 Bh6 30. Nc4 Nc2 31. Kd2 Ne3 32. Nxe3 fxe3+ 33. Bxe3 Bxe3+ 34. Kxe3 Kf7 35. f4 Ke7 36. g3 Kd7 37. h3 Rf8 38. Ra1 h4 39. fxe5 dxe5 40. Rg1 hxg3 41. Rxg3 Rh8 42. Kf3 Rh4 43. Rxg6 Rxh3+ 44. Kg4 Rb3 45. Kf5 Rxb5 46.
Kxe5 Rb1 47. Rg7+ Kc8 48. Ke6 Re1 49. e5 Re2 50. Rg5 Rd2 51. Rg8+ Kb7 52. Kf6 Rf2+ 53. Ke7 b5 54. e6 Re2 55. Kd7 Re5 56. e7 Rxd5+ 57.
Ke6 Rd1 58. e8=Q Re1+ 59. Kd5 Rxe8 60. Rxe8 Kb6 61. Re6+ Ka5 62. Kc5 b4 63. Kc4 c5 64.
Rc6 Ka4 65. Ra6# 1-0

[Event "Early-Titled-Tuesday-Blitz-July-09-2024"]
[Site "Chess.com"]
[Date "2024.07.09"]
[Round "6"]
[White "Beca95"]
[Black "ilqar_74"]
[Result "1-0"]
[WhiteElo "3002"]
[BlackElo "2897"]
[TimeControl "180+1"]
[EndTime "9:10:01 PDT"]
[Termination "Beca95 won by resignation"]

1. Nf3 Nf6 2. c4 e6 3. Nc3 d5 4.
e3 c5 5. cxd5 Nxd5 6. Bc4 Nc6 7.
O-O Nb6 8. Bb5 Bd7 9. d4 cxd4 10.
exd4 Be7 11. Qe2 O-O 12. Rd1 a6 13. Bd3 Nd5 14. Qe4 f5 15. Qe2 Bf6 16. Bc4 Nce7 17. h4 Rc8 18. Bg5 b5 19. Bxd5 Nxd5 20. Nxd5 exd5 21.
Ne5 Be6 22. f4 Qd6 23. Bxf6 gxf6 24. Nd3 Bf7 25. Qf2 Kh8 26. Rac1 Rg8 27. Rxc8 Rxc8 28. Re1 Re8 29. Rxe8+ Bxe8 30. Qe3 Bf7 31. Nc5 Kg7 32. g3 Qd8 33. Qe1 Qd6 34. Kf2 h6 35. Qa5 Qe7 36. Qxa6 Kg8 37. Qa8+ Kg7 38. Qb7 Qe8 39. a3 Kg8 40.
Qd7 Qb8 41. Qe7 b4 42. Qb7 Qe8 43. Qxb4 Bh5 44. Qd2 Qb5 45. a4 Qc4 46. a5 Qa2 47. a6 Qa1 48. Kg2 Bg4 49. b4 Qa3 50. b5 Bf3+ 51.
Kf2 Bh1 52. Qe2 Qc3 53. Qe8+ Kh7 54. Qf7+ Kh8 55. Qxf6+ Kg8 56. Qe6+ Kh8 57. Qe5+ Kg8 58. a7 Qf3+ 59. Ke1 Qc3+ 60. Ke2 Qc2+ 61. Kf1 Qd1+ 62. Kf2 Qf3+ 63. Ke1 Qc3+ 64. Ke2 Qc2+ 65. Ke3 Qc1+ 66.
Kd3 Qd1+ 67. Kc3 Qc1+ 68. Kb4 Qd2+ 69. Kb3 Qd1+ 70. Ka3 Qa1+ 71. Kb4 Qxa7 72. Na6 Qf7 73. Qb8+ Kh7 74. Qc7 1-0

[Event "Early-Titled-Tuesday-Blitz-July-09-2024"]
[Site "Chess.com"]
[Date "2024.07.09"]
[Round "6"]
[White "Mops_2004"]
[Black "ShahMatKanal"]
[Result "0-1"]
[WhiteElo "2715"]
[BlackElo "2563"]
[TimeControl "180+1"]
[EndTime "9:10:02 PDT"]
[Termination "ShahMatKanal won by resignation"]

1. e4 c5 2. Nf3 d6 3. d4 cxd4 4. Nxd4 Nf6 5. Nc3 g6 6. h3 Bg7 7.
g3 O-O 8. Bg2 a6 9. O-O Qc7 10.
Nd5 Nxd5 11. exd5 Nd7 12. Re1 Nf6 13. a4 Re8 14. a5 e5 15. dxe6 fxe6 16. Ra3 Rb8 17.
b4 e5 18. Ne2 Be6 19. Nc3 Red8 20. Bg5 Qc4 21. Bxf6 Bxf6 22. Nd5 Bg7 23. Rc3 Qb5 24. Rc7 Kh8 25. c4 Qe8 26. Re7 Qg8 27. Qd2 Bf7 28. h4 Re8 29. Qe3 Qf8 30. Rxe8 Qxe8 31. Qb6 Qd8 32. Qa7 Qc8 33. Rc1 Bh6 34. Rc2 Bf8 35. Qe3 Qf5 36. Rc1 Rc8 37. Be4 Qh3 38. Nb6 Rc7 39.
Bg2 Qf5 40. Bd5 Be8 41. Qe4 Bh6 42. Rc2 Qxe4 43. Bxe4 Bf8 44. Kg2 Kg7 45. Bd5 h5 46.
Re2 Be7 47. Kf3 Bd8 48. Ke4 Re7 49. Rc2 Bxb6 50. axb6 Bd7 51. Ke3 Bf5 52. Rc1 Rd7 53. Ra1 Kf6 54. Ra5 g5 55. hxg5+ Kxg5 56. Ra1 Kf6 57. Rh1 Bg6 58. f4 exf4+ 59. Kxf4 Kg7 60. Kg5 Re7 61. Rf1 Re5+ 62. Kh4 Be4 63. Re1 Bxd5 64. Rxe5 dxe5 65. cxd5 e4 66. g4 e3 67. Kg3 hxg4 0-1

[Event "Early-Titled-Tuesday-Blitz-July-09-2024"]
[Site "Chess.com"]
[Date "2024.07.09"]
[Round "6"]
[White "GAO"]
[Black "Ganziitoo"]
[Result "0-1"]
[WhiteElo "2436"]
[BlackElo "2273"]
[TimeControl "180+1"]
[EndTime "9:10:02 PDT"]
[Termination "Ganziitoo won by checkmate"]

1. e4 d6 2. d4 Nf6 3. Nc3 Nbd7 4. Bc4 e5 5. Nf3 Be7 6. a4 O-O 7. O-O c6 8. h3 Qc7 9. a5 Rb8 10. Re1 b5 11. a6 bxc4 12. Qe2 Nb6 13. Bg5 h6 14.
Bh4 Re8 15. Bg3 Bf8 16. Rad1 Bxa6 17. Nh4 Rbd8 18. Nf5 Bc8 19. Ne3 Qb7 20. Bh4 Be7 21. Nxc4 Nxc4 22. Qxc4 Be6 23. Qd3 exd4 24. Qxd4 Qb6 25.
Qd3 d5 26. e5 Nd7 27. Bg3 Nc5 28. Qf3 d4 29. Ne2 Qxb2 30. Qxc6 Bd5 31. Qc7 Ne6 32. Qxa7 Bc5 33. Qa6 Qxc2 34. Rc1 Qe4 35. Nf4 Qf5 36. Nxe6 Bxe6 37. Rxc5 d3 38. Rd1 Qe4 39. f3 Qe2 40. Rcc1 Qe3+ 41. Bf2 Qxe5 42. Rxd3 Ra8 43. Qc6 Rac8 44. Rdc3 Rxc6 45. Rxc6 Bd5 46. R6c5 Qe6 47. Rc7 Re7 48. Rc8+ Kh7 49. R8c2 Rd7 50. Re1 Qg6 51. Rce2 Bxf3 52. Be3 Bxe2 53. Rxe2 Re7 54. Re1 Re6 55. Kf2 Qf5+ 56. Ke2 Qe4 57. Kf2 Qc2+ 58. Re2 Qf5+ 59. Ke1 h5 60. Kd2 Kg6 61. Ke1 Qd5 62. Kf2 Rf6+ 63.
Kg1 Rc6 64. Kf2 Qd3 65. Rd2 Rf6+ 66. Kg1 Qxe3+ 67. Rf2 Qxf2+ 68. Kh1 Qe1+ 69. Kh2 Qe5+ 70. Kh1 Rf1# 0-1

[Event "Early-Titled-Tuesday-Blitz-July-09-2024"]
[Site "Chess.com"]
[Date "2024.07.09"]
[Round "6"]
[White "JordanLoyd2020"]
[Black "MarlonJodar"]
[Result "1-0"]
[WhiteElo "2517"]
[BlackElo "2371"]
[TimeControl "180+1"]
[EndTime "9:10:03 PDT"]
[Termination "JordanLoyd2020 won by resignation"]

1. d4 Nf6 2. Bf4 d5 3. e3 e6 4.
Nf3 Bd6 5. Ne5 O-O 6. Nd2 c5 7. c3 b6 8. h4 Bb7 9. h5 Nc6 10.
h6 g6 11. Qf3 Bxe5 12. dxe5 Nd7 13. Qg3 f6 14. Nf3 fxe5 15. Nxe5 Ndxe5 16. Bxe5 Nxe5 17. Qxe5 Qf6 18. Qxf6 Rxf6 19. Rh4 Raf8 20. f4 e5 21. g3 exf4 22. Rxf4 g5 23. Rxf6 Rxf6 24. Bg2 Rxh6 25.
O-O-O Re6 26. Bxd5 Bxd5 27. Rxd5 h6 28. Kd2 Kf7 29. Kd3 Ke7 30. g4 Rf6 31. b4 cxb4 32. cxb4 Rf2 33. a4 Rf1 34. Ke4 Rb1 35. Rd4 Ra1 36. b5 Rf1 37. Ke5 Rg1 38. Rc4 Kd7 39. Rd4+ Ke7 40. Rc4 Kd7 41. e4 Rf1 42. Rd4+ Ke7 43.
Rc4 Kd7 44. Rd4+ Ke7 45. Kd5 Kd7 46. e5 Re1 47. Re4 Rd1+ 48. Rd4 Re1 49. Rc4 Rd1+ 50. Ke4 Rf1 51. Rd4+ Ke6 52. Rd6+ Ke7 53. Rxh6 Rf4+ 54.
Kd5 Rxg4 55. Rh7+ Ke8 56. Rxa7 Rg1 57. Ke6 Kf8 58. a5 bxa5 59. b6 Rb1 60. b7 Rb6+ 61. Kf5 a4 62. Ra8+ Ke7 63. b8=Q Rxb8 64. Rxb8 g4 65.
Ra8 g3 66. Rxa4 g2 67. Rg4 g1=Q 68. Rxg1 Kf7 69. e6+ Ke7 70. Rg7+ 1-0

[Event "Early-Titled-Tuesday-Blitz-July-09-2024"]
[Site "Chess.com"]
[Date "2024.07.09"]
[Round "6"]
[White "BobbyFischer1508"]
[Black "rhungaski"]
[Result "0-1"]
[WhiteElo "2433"]
[BlackElo "2648"]
[TimeControl "180+1"]
[EndTime "9:10:07 PDT"]
[Termination "rhungaski won on time"]

1. b3 Nf6 2. Bb2 g6 3. Bxf6 exf6 4. c4 Bg7 5. Nc3 f5 6. e3 O-O 7. Nge2 d6 8. g3 c6 9. Bg2 Re8 10. O-O Nd7 11. Rb1 h5 12. b4 h4 13. b5 Ne5 14.
bxc6 bxc6 15. d4 Nxc4 16. Bxc6 Bd7 17. Bg2 hxg3 18. hxg3 Rb8 19. Qd3 Nb6 20. Nf4 Qg5 21. Nfd5 Rec8 22. Nxb6 axb6 23. Nd5 Qd8 24. Rfc1 b5 25.
a3 Rxc1+ 26. Rxc1 Be6 27. Nb4 Bc4 28. Qd1 Rc8 29. Bd5 Qa5 30. Rc3 Kf8 31. Qc1 Qc7 32.
Bxc4 bxc4 33. Qd1 Bf6 34. Qf3 Bd8 35. Qd5 Kg7 36. Qb5 Bg5 37. Nd5 Qc6 38. Qxc6 Rxc6 39. Nb4 Rc8 40. a4 Bd8 41. Rc2 Ba5 42. Nd5 c3 43. Kf1 Rc4 44. Ke2 g5 45. Kd3 Rxa4 46.
Nxc3 Ra3 47. Kc4 Bxc3 48. Rxc3 Ra2 49. f4 g4 50. Kd5 Rg2 51. Kxd6 Rxg3 52. Ke5 Kg6 53.
Rc6+ Kg7 54. Kxf5 Rg1 55. e4 g3 56. d5 Rf1 57. Rc2 Rf2 58. Rc3 g2 59. Rg3+ Kf8 60. d6 Ke8 61. e5 Kd7 62. Rg7 Kc6 0-1

[Event "Early-Titled-Tuesday-Blitz-July-09-2024"]
[Site "Chess.com"]
[Date "2024.07.09"]
[Round "6"]
[White "BillCoe"]
[Black "Bulatova_Kamaliya"]
[Result "0-1"]
[WhiteElo "2054"]
[BlackElo "2322"]
[TimeControl "180+1"]
[EndTime "9:10:10 PDT"]
[Termination "Bulatova_Kamaliya won on time"]

1. e4 Nf6 2. e5 Nd5 3. g3 d6 4. exd6 cxd6 5. Bg2 Nb6 6. d4 g6 7. Nf3 Bg7 8. O-O O-O 9. h3 Nc6 10. c3 e5 11. dxe5 dxe5 12. Qxd8 Rxd8 13. Nbd2 Be6 14.
Re1 f5 15. Ng5 Bd5 16. Bxd5+ Rxd5 17. Ne6 Bh6 18. Nb3 Bxc1 19. Raxc1 Rd6 20. Ng5 Nc4 21. Rc2 e4 22. h4 b6 23. Nh3 N6e5 24. Kg2 Nd3 25.
Ree2 Rad8 26. Nd4 a6 27. Ng5 h6 28. Nge6 Kf7 29. Nc7 Nc5 30. b4 Na4 31. Nxa6 Nxc3 32. Rxc3 Rd5 33. Rxc4 b5 34. Rc7+ Kg8 35. Ne6 Ra8 36.
Nac5 Ra3 37. Rg7+ Kh8 38. Rxg6 Rd1 39. Rxh6+ Kg8 40. Rg6+ Kf7 41. Rg7+ Kf6 42. h5 Rc3 43. Rg6+ Kf7 44. Ng5+ Ke7 45. h6 Rcc1 46. Nh3 Kf7 47. Rg7+ Kf6 48. Rc7 Kg6 49. h7 f4 50. Nxf4+ Kf5 51. Nh3 Kg4 52. h8=Q e3 53. Rg7+ Kf5 54. Qf8+ Ke5 55. Re7+ Kd4 56. Qd8+ Kc3 57. R7xe3+ Kxb4 58. Na6+ Ka4 59. Re4+ b4 60. Qe8+ Ka3 61. Rxb4 Rg1+ 62. Nxg1 Rxg1+ 63. Kf3 Rxg3+ 64. Kf4 Rf3+ 65. Ke5 Rf5+ 66.
Ke6 Re5+ 67. Kd6 Rd5+ 68. Kc6 Rd6+ 69. Kc7 Rc6+ 0-1

[Event "Early-Titled-Tuesday-Blitz-July-09-2024"]
[Site "Chess.com"]
[Date "2024.07.09"]
[Round "6"]
[White "pfalcon1949"]
[Black "Me_ch_an"]
[Result "1/2-1/2"]
[WhiteElo "1904"]
[BlackElo "2294"]
[TimeControl "180+1"]
[EndTime "9:10:10 PDT"]
[Termination "Game drawn - insufficient material"]

1. e4 c5 2. Nf3 e6 3. d4 cxd4 4. Nxd4 a6 5. c4 Nf6 6. Nc3 Bb4 7.
Qd3 d5 8. cxd5 exd5 9. exd5 Nxd5 10. Be2 Nc6 11. Nxc6 bxc6 12. Bd2 Nxc3 13. Qxd8+ Kxd8 14.
bxc3 Bc5 15. O-O Be6 16. Bg5+ f6 17. Rfd1+ Ke7 18. Bf4 Rhd8 19. Rab1 Bxa2 20. Rb7+ Kf8 21. Ra1 Bd5 22. Rxa6 Rxa6 23. Bxa6 Ra8 24. Rb8+ Rxb8 25. Bxb8 Ke7 26. c4 Be4 27. Kf1 Bd6 28. Ba7 Bxh2 29. f3 Bd3+ 30. Kf2 Bd6 31. Ke3 Bf1 32. g4 c5 33. Bb6 g6 34. Kf2 Bd3 35. Ke3 Bf1 36. Kf2 Bh3 37. Bb7 h5 38. Bc8 f5 39.
gxf5 Bxf5 40. Bxf5 gxf5 41. Ba5 h4 42. Kg2 Kf6 43.
Kh3 Kg5 44. Bd2+ Kh5 45. Be3 Be7 46. Bf2 f4 47. Kh2 Kg5 48. Kh3 Kf5 49. Bxh4 Bxh4 50. Kxh4 Ke5 51. Kg4 Kd4 52. Kxf4 Kxc4 53. Ke4 Kb3 54. f4 c4 55. f5 c3 56. f6 c2 57. f7 c1=Q 58. f8=Q Qe1+ 59. Kd3 Qd1+ 60. Ke3 Qc1+ 61. Kd3 Qc4+ 62. Kd2 Qc3+ 63. Kd1 Qc2+ 64. Ke1 Kb2 65. Qf2 Kc1 66. Qxc2+ Kxc2 1/2-1/2

[Event "Early-Titled-Tuesday-Blitz-July-09-2024"]
[Site "Chess.com"]
[Date "2024.07.09"]
[Round "6"]
[White "marvinguevara"]
[Black "C_K_G"]
[Result "0-1"]
[WhiteElo "2034"]
[BlackElo "2233"]
[TimeControl "180+1"]
[EndTime "9:10:14 PDT"]
[Termination "C_K_G won by checkmate"]

1. e4 c5 2. Nf3 d6 3. d4 cxd4 4. Nxd4 Nf6 5. Nc3 a6 6. Be2 e5 7. Nb3 Be6 8. f4 exf4 9. Bxf4 Nc6 10. O-O Be7 11. Kh1 O-O 12. Nd4 Ne5 13. Nf5 Bxf5 14. exf5 Rc8 15. Bf3 Qb6 16. Rb1 Nxf3 17. Qxf3 Rc4 18.
Rfe1 Rfc8 19. g4 h6 20. Kg2 Qb4 21. a3 Qb6 22. h3 Bf8 23. Be3 Qa5 24. Bf4 d5 25.
Bg3 Ne4 26. Nxe4 dxe4 27. Rxe4 Rxc2+ 28. Re2 Rxe2+ 29. Qxe2 Qd5+ 30. Qf3 Rc2+ 31. Bf2 Qa2 32. Re1 Bc5 33. Re2 Qxb2 34. Rxc2 Qxc2 35. Kf1 Qxf2+ 36. Qxf2 Bxf2 37. Kxf2 Kf8 38. Ke3 Ke7 39. Kd4 Kd6 40. a4 b5 41. axb5 axb5 42. h4 g6 43. fxg6 fxg6 44. h5 g5 45. Kc3 Kc5 46. Kb3 b4 47. Kb2 Kc4 48. Kc2 Kd4 49. Kb3 Ke4 50. Kxb4 Kf4 51. Kc4 Kxg4 52. Kd4 Kxh5 53. Ke4 Kh4 54. Ke3 Kg3 55. Ke2 g4 56. Kf1 h5 57. Kg1 h4 58. Kh1 h3 59. Kg1 Kf3 60. Kh1 g3 61.
Kg1 g2 62. Kh2 Kf2 63. Kxh3 g1=Q 64. Kh4 Qg7 65. Kh5 Kf3 66. Kh4 Qg4# 0-1

[Event "Early-Titled-Tuesday-Blitz-July-09-2024"]
[Site "Chess.com"]
[Date "2024.07.09"]
[Round "6"]
[White "AA95"]
[Black "klercaku"]
[Result "1-0"]
[WhiteElo "2522"]
[BlackElo "2383"]
[TimeControl "180+1"]
[EndTime "9:10:15 PDT"]
[Termination "AA95 won by resignation"]

1. Nf3 d5 2. g3 e6 3. Bg2 Nf6 4. O-O Nbd7 5. a3 c5 6. b4 cxb4 7. axb4 Bxb4 8. c4 dxc4 9. Qc2 Nb6 10. Ba3 Bxa3 11. Nxa3 O-O 12. Nxc4 Nxc4 13. Qxc4 a6 14. Ne5 Qd6 15. d4 Nd5 16. e4 b5 17. Qc6 Qxc6 18.
Nxc6 Nc3 19. Rfe1 Bb7 20. Na5 Rab8 21. Nxb7 Rxb7 22. Rxa6 Rc8 23. d5 e5 24. Ra3 b4 25.
Rb3 Na4 26. Reb1 Rcb8 27. Rc1 Nc3 28. Rc2 g6 29. f4 exf4 30. gxf4 Nb5 31. Rxb4 Nd6 32.
Rxb7 Rxb7 33. e5 Rb1+ 34. Kf2 Nf5 35. d6 Nd4 36. Rd2 Ne6 37. d7 Rb8 38. Ke3 Nd8 39.
Bd5 Kf8 40. Bc4 Ke7 41. Rd4 Rb1 42. Rd6 Re1+ 43. Kd4 Rd1+ 44. Kc5 Rc1 45. Kb4 Rb1+ 46. Ka3 Ra1+ 47. Kb2 Ra7 48. Kc3 Rc7 49. Kb4 Rxd7 50. Rxd7+ Kxd7 51. Kc3 Ke7 52. Kd4 Nc6+ 53. Ke4 Na5 54. Bd5 f6 55. e6 Kd6 56. f5 gxf5+ 57.
Kxf5 Ke7 58. h3 h6 59. Kg6 Kd6 60. Kxf6 Kxd5 61. e7 Nb7 62. e8=Q Nd6 63. Qg8+ Kd4 64. Qg1+ Kd5 65. Qd1+ Kc6 66. Kg6 Kd7 67. Kxh6 Ke6 68. Kg7 Nf5+ 69. Kg6 Ne7+ 70. Kh7 Nd5 71. h4 Nf6+ 72. Kg6 Nd7 73. Qe1+ Ne5+ 74. Qxe5+ Kxe5 75. h5 1-0

[Event "Early-Titled-Tuesday-Blitz-July-09-2024"]
[Site "Chess.com"]
[Date "2024.07.09"]
[Round "6"]
[White "aquarium76"]
[Black "Kildepiotr"]
[Result "1/2-1/2"]
[WhiteElo "3001"]
[BlackElo "2698"]
[TimeControl "180+1"]
[EndTime "9:10:16 PDT"]
[Termination "Game drawn - insufficient material"]

1. d4 d5 2. c4 c6 3. Nf3 Nf6 4.
Nc3 dxc4 5. a4 Bf5 6. Ne5 Nbd7 7. Nxc4 Nb6 8. Ne5 a5 9. e3 e6 10. f3 Bb4 11. Kf2 Nfd7 12. e4 Nxe5 13. exf5 Ned7 14. fxe6 fxe6 15. g3 O-O 16. Kg2 e5 17. Be3 Bxc3 18.
bxc3 Nd5 19. Bf2 Qg5 20. Bc4 Kh8 21. Re1 Nxc3 22. Qc1 Qxc1 23. Rexc1 Nxa4 24. Be6 Nab6 25. dxe5 Rae8 26. Bxd7 Nxd7 27. f4 Nxe5 28. fxe5 Rxe5 29. Rab1 Re2 30. Rf1 b5 31. Kg1 a4 32. Rbc1 Rf6 33. Bd4 Rxf1+ 34. Kxf1 Re6 35. Bc5 h6 36. Re1 Rf6+ 37.
Kg2 Rf5 38. Rc1 Rd5 39. Be7 Kg8 40. Rxc6 Rd2+ 41. Kh3 Rb2 42. Rb6 Rb3 43. Ra6 Kf7 44. Bc5 h5 45. Ra7+ Ke6 46. Rxg7 Kd5 47. Rg5+ Kc4 48.
Rxh5 a3 49. Bf8 a2 50. Bg7 Rb1 51. Rh4+ Kc5 52. Rh5+ Kc4 53. Rh8 a1=Q 54. Bxa1 Rxa1 55. Rc8+ Kd4 56. Rb8 Kc4 57. Kg4 b4 58. h4 b3 59.
h5 Kc3 60. Kg5 Ra5+ 61. Kh4 Ra4+ 62. g4 Rb4 63. Rc8+ Kd2 64. Rd8+ Ke2 65. Re8+ Kf2 66. Rf8+ Kg2 67. Rd8 b2 68. Rd1 b1=Q 69. Rxb1 Rxb1 70. h6 Rh1+ 71. Kg5 Kf3 72. Kg6 Kxg4 73. h7 Rxh7 74. Kxh7 1/2-1/2

[Event "Early-Titled-Tuesday-Blitz-July-09-2024"]
[Site "Chess.com"]
[Date "2024.07.09"]
[Round "6"]
[White "JavierRuizVazquez"]
[Black "yesilikeorangejuice"]
[Result "0-1"]
[WhiteElo "2390"]
[BlackElo "2527"]
[TimeControl "180+1"]
[EndTime "9:10:18 PDT"]
[Termination "yesilikeorangejuice won by resignation"]

1. e4 e6 2. Nc3 d5 3. Nf3 Nf6 4. exd5 exd5 5. d4 Bd6 6. Bd3 O-O 7. O-O c5 8. dxc5 Bxc5 9. Bg5 Be7 10. Re1 h6 11.
Bh4 Nc6 12. h3 Kh8 13. Qd2 Be6 14. Rad1 Rc8 15. a3 a6 16. Bf1 Qd7 17. Nd4 Nxd4 18. Qxd4 Rfd8 19. Bd3 b5 20. Qf4 Ng8 21. Bxe7 Nxe7 22.
Ne2 Nc6 23. Qg3 Bf5 24. Nf4 Bxd3 25. Rxd3 Qf5 26. Red1 d4 27. Ne2 Kh7 28. R1d2 Re8 29. Nxd4 Nxd4 30. Rxd4 Rxc2 31. Rxc2 Qxc2 32. Qd3+ Qxd3 33.
Rxd3 Re1+ 34. Kh2 Re2 35. Rd6 a5 36. b4 axb4 37. axb4 Re4 38. Rd7 f6 39. Kg3 Rxb4 40. Rb7 Kg6 41. f3 Rb2 42. h4 h5 43. Kh3 b4 44. Kg3 b3 45. Rb5 Rb1 46. Kh3 b2 47. Kg3 Kf7 48. Rb6 g6 49. Kh2 Ke7 50. g3 Kd7 51.
Kg2 Kc7 52. Rb3 Kc6 53. Rb8 Kc5 54. Rb3 Kc4 55. Rb8 g5 56. Rc8+ Kd3 57. Rd8+ Ke3 58. Re8+ Kd4 59. Rd8+ Ke5 60. Re8+ Kf5 61. Rb8 g4 62.
Rb5+ Kg6 63. f4 Kf7 64. Rb6 Ke7 65. Rb5 Kd6 66. Rb6+ Kd5 67. Rb8 Ke4 68. Rb4+ Kd3 69. Rb8 Re1 70. Rxb2 Re2+ 71. Rxe2 Kxe2 72. Kg1 Kf3 73.
Kh2 Kf2 74. f5 Kf3 75. Kg1 Kxg3 0-1

[Event "Early-Titled-Tuesday-Blitz-July-09-2024"]
[Site "Chess.com"]
[Date "2024.07.09"]
[Round "6"]
[White "pinelone"]
[Black "Knightmare1014"]
[Result "0-1"]
[WhiteElo "2378"]
[BlackElo "2272"]
[TimeControl "180+1"]
[EndTime "9:10:22 PDT"]
[Termination "Knightmare1014 won by checkmate"]

1. Nf3 d5 2. d4 Nf6 3. c4 e6 4. e3 Be7 5. b3 O-O 6. Bb2 b6 7.
Nc3 c5 8. cxd5 exd5 9. Bd3 Ba6 10. Bxa6 Nxa6 11. O-O Rc8 12. Rc1 Nb4 13. dxc5 bxc5 14.
a3 Nc6 15. Na4 Ne4 16. Nd2 Na5 17. Nxe4 dxe4 18. Qc2 Bf6 19. Bxf6 Qxf6 20. Nxc5 Rxc5 21. Qxc5 Nxb3 22. Qxa7 Nxc1 23. Rxc1 Qb2 24. Qc5 h6 25. a4 Ra8 26. a5 Qa2 27. g4 Qxa5 28.
Qxa5 Rxa5 29. Kg2 g6 30. Rc4 Re5 31. Kg3 g5 32. h4 Kg7 33. Rc6 Rd5 34. h5 Re5 35. Rb6 Re7 36. Rb4 Re5 37. f3 exf3 38. Kxf3 Re6 39. Re4 Rf6+ 40. Kg3 Ra6 41. Rd4 Ra3 42.
Kf3 Ra1 43. Rd2 Ra4 44. Re2 Ra6 45. e4 Rf6+ 46. Kg3 Rf4 47. e5 Ra4 48. e6 fxe6 49.
Rxe6 Ra3+ 50. Kf2 Ra2+ 51. Kf3 Ra3+ 52. Ke4 Rg3 53. Kf5 Rf3+ 54. Ke5 Rf4 55. Re7+ Kf8 56. Rh7 Rxg4 57. Kf6 Rf4+ 58. Kg6 g4 59. Rh8+ Ke7 60.
Ra8 g3 61. Ra1 g2 62. Rg1 Rg4+ 63. Kxh6 Kf6 64. Kh7 Kg5 65. h6 Kh4 66. Kh8 Kh5 67. h7 Kg6 68. Rb1 g1=Q 69. Rxg1 Rxg1 70. Kg8 Kf6+ 71.
Kh8 Ra1 72. Kg8 Ra8# 0-1